Map: Echo LE (Void)

Players

Musumeci

  • Race: Zerg Zerg
  • League: Diamond
  • Spawn Location: 5:00

Ambriss - Winner!

  • Race: Zerg Zerg
  • League: Diamond
  • Spawn Location: 11:00

VOD

Have the link to the VOD?

Description

Time

  • Played on: Jan. 15, 2017, 3:52 p.m.
  • Length: 3:35
Show
View Real Time Build Order
Export as new Build Order

Musumeci Zerg 

Build Orders: Hatch First 

Get SALT Encoding   

  12  0:00  Drone  
  13  0:14  Drone  
  14  0:23  Drone, Extractor  
  15  0:51  Hatchery  
  14  1:00  Spawning Pool  
  14  1:02  Drone  
  14  1:04  Drone, Extractor  
  14  1:05  Extractor  
  14  1:09  Drone  
  15  1:15  Overlord  
  15  1:35  Drone x2  
  17  1:47  Zergling x2  
  17  1:53  Spine Crawler  
  17  1:55  Queen  
  17  1:56  Zergling x2  
  20  2:04  Zergling x2  
  18  2:25  Zergling x4  
  19  2:33  Zergling x4  
  14  2:55  Drone x2  
  14  3:12  Drone  
  14  3:18  Drone  
Show
View Real Time Build Order
Export as new Build Order

Ambriss Zerg - Winner!

Build Orders: Pool Only 

Get SALT Encoding   

  12  0:00  Drone  
  13  0:21  Spawning Pool  
  12  0:25  Drone  
  13  0:29  Drone  
  13  0:33  Extractor  
  13  0:36  Drone  
  14  0:46  Overlord  
  14  1:07  Zergling x4  
  14  1:08  Zergling x2  
  14  1:10  Queen  
  19  1:19  Zergling x2  
  20  1:30  Zergling x2  
  21  1:34  Metabolic Boost  
  21  1:40  Zergling x2  
  22  1:53  Baneling Nest  
  22  1:54  Zergling x2  
  22  2:03  Overlord  
  20  2:16  Zergling x2  
  20  2:22  Zergling x4  
  23  2:23  Zergling x2  
  23  2:38  Zergling x2  
  24  2:50  Zergling x2  
  24  2:54  Zergling x2  
  24  2:55  Zergling x6  
  27  3:00  Baneling x4  
  27  3:01  Baneling  
  27  3:06  Zergling x2  
Tags
 
Add a new tag
Caveats
  • Supply blocks, unpowered buildings, or Contaminate may cause inaccurate times.
  • Supply counts are checked every 10 seconds.